 Dungeon Crawl Stone Soup version 0.28-a0-664-gc179e30c89 (webtiles) character file.

Game seed: 1824641518421553111

143 namoto the Bolt Thrower (level 5, -3/49 HPs)
             Began as a Deep Dwarf Hunter on Oct 15, 2021.
             Was a Follower of Makhleb.
             Slain by an ogre (17 damage)
             ... on level 4 of the Dungeon.
             The game lasted 00:12:39 (2322 turns).

namoto the Bolt Thrower (Deep Dwarf Hunter)         Turns: 2322, Time: 00:12:41

Health: -3/49      AC:  8    Str: 17    XL:     5   Next: 4%
Magic:  5/5        EV:  7    Int: 11    God:    Makhleb [*.....]
Gold:   69         SH:  0    Dex: 13    Spells: 4/4 levels left

rFire   + . .      SeeInvis .   a - +1 hand crossbow
rCold   . . .      Faith    .   (no shield)
rNeg    . . .      Spirit   .   t - +0 chain mail
rPois   .          Reflect  .   f - +0 hat
rElec   .          Harm     .   (no cloak)
rCorr   .          Rampage  .   (no gloves)
Will    .....                   (no boots)
Stlth   ..........              v - amulet of the acrobat
HPRegen 0.00/turn               h - ring of protection from fire
MPRegen 0.09/turn               (no ring)

@: no status effects
A: damage resistance, heal wounds, sense surroundings 1, no regeneration
a: Heal Wounds, Renounce Religion


You were on level 4 of the Dungeon.
You worshipped Makhleb.
Makhleb was aware of your devotion.
You visited 1 branch of the dungeon, and saw 4 of its levels.

You collected 69 gold pieces.

Inventory:

Hand Weapons
 a - a +1 hand crossbow (weapon)
 q - a +0 flail of holy wrath
 y - a +2 hunting sling of freezing
Missiles
 d - 14 bolts (quivered ammo)
 g - 4 boomerangs
 m - 41 stones
 n - 54 arrows
 r - a throwing net
Armour
 c - a +0 leather armour
 f - a +0 hat (worn)
 t - a +0 chain mail (worn)
Magical Staves
 j - a staff of death
Jewellery
 h - a ring of protection from fire (left hand)
 v - an amulet of the acrobat (around neck)
Wands
 p - a wand of polymorph (6)
Scrolls
 b - a scroll of silence {unknown}
 i - a scroll of immolation {unknown}
 k - 3 scrolls of identify {unknown}
 l - a scroll of amnesia {unknown}
 u - 2 scrolls of fog {unknown}
 w - a scroll of enchant weapon {unknown}
 z - a scroll of noise {unknown}
Potions
 e - a potion of brilliance {unknown}
 o - 2 potions of curing {unknown}
 s - a potion of lignification {unknown}
 x - 3 potions of might {unknown}


   Skills:
 + Level 3.5 Fighting
 + Level 5.9 Crossbows
 - Level 2.1 Dodging
 - Level 1.2 Stealth


You had 4 spell levels left.
You didn't know any spells.
Your spell library contained the following spells:

 Spells                   Type           Power      Damage    Failure   Level
 Corpse Rot               Necr/Air       N/A        N/A       100%        2
 Dispel Undead            Necr           0%         3d6       100%        4
 Death Channel            Necr           0%         N/A       100%        6


Dungeon Overview and Level Annotations

Branches:
Dungeon (4/15)
 Temple: D:4-7

Altars:
Dithmenos
Makhleb

Annotations:
D:3 3 runed translucent doors, yegreS's ghost, amateur MiFi


Innate Abilities, Weirdness & Mutations

You are resistant to damage.
You can heal yourself by infusing magical energy.
You passively map a small area around you.
You do not regenerate.


Message History

There is an open door here.
Fire: 21 bolts
Press: ? - help, Q - select action, (/) - cycle Shift-Dir - straight line, f - ogre
Aim: an ogre, wielding a +0 giant spiked club (77% to hit)
You shoot a bolt. The bolt hits the ogre.
The ogre is lightly wounded.
Fire: 20 bolts
Press: ? - help, Q - select action, (/) - cycle Shift-Dir - straight line, f/p - ogre
Aim: an ogre, wielding a +0 giant spiked club (lightly wounded, 77% to hit)
You shoot a bolt. The bolt hits the ogre!
The ogre is heavily wounded.
Fire: 19 bolts
Press: ? - help, Q - select action, (/) - cycle Shift-Dir - straight line, f/p - ogre
Aim: an ogre, wielding a +0 giant spiked club (heavily wounded, 78% to hit)
You shoot a bolt. The bolt hits the ogre.
The ogre is heavily wounded.
Fire: 18 bolts
Press: ? - help, Q - select action, (/) - cycle Shift-Dir - straight line, f/p - ogre
Aim: an ogre, wielding a +0 giant spiked club (heavily wounded, 77% to hit)
You shoot a bolt. The bolt hits the ogre.
The ogre is severely wounded.
Fire: 17 bolts
Press: ? - help, Q - select action, (/) - cycle Shift-Dir - straight line, f/p - ogre
Aim: an ogre, wielding a +0 giant spiked club (severely wounded, 78% to hit)
You shoot a bolt. The bolt hits the ogre.
The ogre is almost dead.
The ogre hits you with a +0 giant spiked club!!
* * * LOW HITPOINT WARNING * * *
Fire: 16 bolts
Press: ? - help, Q - select action, (/) - cycle Shift-Dir - straight line, f/p - ogre
Aim: an ogre, wielding a +0 giant spiked club (almost dead, 77% to hit)
You shoot a bolt. The bolt hits the ogre.
The ogre is almost dead.
The ogre barely misses you.
Fire: 15 bolts
Press: ? - help, Q - select action, (/) - cycle Shift-Dir - straight line, f/p - ogre
Aim: an ogre, wielding a +0 giant spiked club (almost dead, 77% to hit)
You shoot a bolt. The bolt barely misses the ogre.
The ogre hits you with a +0 giant spiked club!!
You die...

, *# ##.... , , #
#..(.. ,* , ,## #.....
*, ,,,#. #...(. ,* *
**+ #. *#....## * ,##.
#...((# * ,. * ## #..
#....O# #.##.# #. #..
######@###.##...#.####.
#........#.# #...#....
#........#.# #.##.....
###.......)#.#
#.....###
.......†...#.# ####.##
#########..#.### #.###
* #.........# #...##
#.###.#.#.# #..... + #
#...#.#####.....


You could see an ogre.

Vanquished Creatures
  Jessica (D:2)
  4 gnolls (D:2)
  2 adders
  An ufetubus (D:4)
  2 dart slugs
  4 endoplasms
  3 giant cockroaches
  4 goblins
  4 hobgoblins
  3 jackals (D:1)
  A quokka (D:3)
  7 ball pythons
  7 bats
  2 frilled lizards (D:1)
  6 kobolds
  2 rats (D:3)
53 creatures vanquished.

Notes
Turn   | Place    | Note
-------+----------+-------------------------------------------
     0 | D:1      | namoto the Deep Dwarf Hunter began the quest for the Orb.
     0 | D:1      | Reached XP level 1. HP: 19/19 MP: 1/1
   149 | D:1      | Reached XP level 2. HP: 23/26 MP: 2/2
   567 | D:1      | Reached skill level 5 in Crossbows
   610 | D:1      | Found a faded altar of an unknown god.
   615 | D:1      | Prayed at the altar of an unknown god.
   615 | D:1      | Became a worshipper of Makhleb the Destroyer
   615 | D:1      | Reached * piety under Makhleb
   659 | D:1      | Reached XP level 3. HP: 25/33 MP: 3/3
   794 | D:2      | Noticed Jessica
  1092 | D:2      | Killed Jessica
  1178 | D:2      | Reached XP level 4. HP: 28/42 MP: 4/4
  1723 | D:3      | Found a runed translucent gate.
  1723 | D:3      | Found a runed translucent gate.
  1723 | D:3      | Found a runed translucent gate.
  1760 | D:3      | Found a shadowy altar of Dithmenos.
  1864 | D:3      | Noticed yegreS's ghost (amateur MiFi)
  2295 | D:4      | Reached XP level 5. HP: 37/49 MP: 5/5
  2315 | D:4      | Noticed an ogre
  2322 | D:4      | Slain by an ogre

Illustrated notes

Levels and vault maps discovered:
D:1:      tarquinn_simple_flora_water_a, layout_basic,
          shapermc_ecumenical_altar_acropolis
D:2:      layout_loops_ring, minmay_misc_feat_x, uniq_jessica
D:3:      layout_loops_ring, nicolae_dithmenos_the_darkroom, gammafunk_ghost_icy
D:4:      layout_basic, mainiacjoe_overflow_alcove_4

Skill      XL: |  1  2  3 |
---------------+----------+-----
Fighting       | 2 3 |  3.5
Crossbows      | 5 |  5.9
Dodging        | |  2.1
Stealth        | |  1.2

Action                   |  1- 3 |  4- 6 || total
-------------------------+-------+-------++-------
 Fire: Hand crossbow     |    71 |    48 ||   119
Armor: Leather armour    |     7 |       ||     7
       Chain mail        |       |    12 ||    12
Dodge: Dodged            |    21 |    13 ||    34

Table legend: (Time is in decaauts)
 A = Elapsed time spent in this place.
 B = Non-inter-level travel time spent in this place.
 C = Inter-level travel time spent in this place.
 D = Time resting spent in this place.
 E = Time spent auto-exploring this place.
 F = Levels seen in this place.
 G = Mean time per level.
                   A        B        C        D        E       F      G
               +--------+--------+--------+--------+--------+-----+--------+
         Total |   2352 |   2286 |     66 |    102 |   1177 |   4 |  588.0 |
       Dungeon |   2352 |   2286 |     66 |    102 |   1177 |   4 |  588.0 |
               +--------+--------+--------+--------+--------+-----+--------+

Top non-repeatable levels by time:
     D:1: 845 daAuts
     D:2: 778 daAuts
     D:3: 628 daAuts
     D:4: 99 daAuts
